 Dungeon Crawl Stone Soup version 0.30-b1-2-g02819fbbbe (webtiles) character file.

Game seed: 220682168609712627

627 Borgoz the Slasher (level 7, -1/54 HPs)
             Began as a Human Gladiator on June 25, 2023.
             Slain by Pikel
             ... wielding a +1 whip of flaming
              (8 damage)
             ... on level 3 of the Dungeon.
             The game lasted 00:07:02 (4343 turns).

Borgoz the Slasher (Human Gladiator)                Turns: 4343, Time: 00:07:03

Health: -1/54      AC:  7    Str: 17    XL:     7   Next: 77%
Magic:  7/7        EV: 12    Int:  8    God:
Gold:   155        SH:  0    Dex: 14    Spells: 6/6 levels left

rFire   . . .        a - +0 long sword
rCold   + . .        (no shield)
rNeg    . . .        k - +0 ring mail
rPois   .            c - +0 helmet
rElec   .            (no cloak)
rCorr   .            m - +0 pair of gloves
SInv    .            (no boots)
Will    .....        (no amulet)
Stlth   +            h - ring of protection from cold
HPRegen 0.29/turn    (no ring)
MPRegen 0.10/turn

%: no passive effects
@: hasted, studying Poison Magic, very quick
A: no striking features
a: no special abilities


You were on level 3 of the Dungeon.
You visited 1 branch of the dungeon, and saw 4 of its levels.

You collected 155 gold pieces.

Inventory:

Hand Weapons
 a - a +0 long sword (weapon)
Armour
 c - a +0 helmet (worn)
 k - a +0 ring mail (worn)
 m - a +0 pair of gloves (worn)
Jewellery
 h - a ring of protection from cold (left hand)
Scrolls
 f - a scroll of teleportation
 g - a scroll of blinking {unknown}
 i - a scroll of amnesia
 l - a scroll of magic mapping {unknown}
Potions
 j - a potion of invisibility {unknown}
 o - a potion of might {unknown}
 q - a potion of magic
 r - a potion of attraction {unknown}
 t - 2 potions of curing {unknown}


   Skills:
 + Level 4.0 Fighting
 * Level 5.8 Long Blades
 - Level 2.0 Throwing
 + Level 3.1 Armour
 + Level 4.6 Dodging


You had 6 spell levels left.
You didn't know any spells.
Your spell library contained the following spells:

 Spells                   Type           Power      Damage    Failure   Level
 Gell's Gravitas          Tloc           0%         N/A       93%         3
 Ozocubu's Armour         Ice            0%         N/A       93%         3
 Teleport Other           Tloc           0%         N/A       93%         3
 Metabolic Englaciation   Hex/Ice        0%         N/A       100%        5
 Dispersal                Tloc           0%         N/A       100%        6
 Simulacrum               Ice/Necr       0%         N/A       100%        6


Dungeon Overview and Level Annotations

Branches:
Dungeon (4/15)             Temple (0/1) D:4

Altars:
Cheibriados
Makhleb

Shops:
D:1 *(?

Annotations:
D:3 Pikel


Message History

The lemure is almost dead.
The javelin pierces through Pikel.
Pikel is severely wounded.
The javelin pierces through the lemure!
The lemure is moderately wounded.
Pikel looks more healthy.
You aren't carrying any items that you can evoke.
Okay, then.
Okay, then.
You kill the lemure!
That felt strangely unrewarding.
Pikel cracks his whip.
You hit Pikel but do no damage.
Pikel is severely wounded.
Pikel closely misses you.
You hit Pikel but do no damage. You punch Pikel, but do no damage.
Pikel is severely wounded.
Pikel hits you with a +1 whip of flaming.
* * * LOW HITPOINT WARNING * * *
Pikel burns you.
* * * LOW HITPOINT WARNING * * *
You closely miss Pikel.
Pikel is severely wounded.
Your extra speed is starting to run out.
Pikel barely misses you.
Okay, then.
You feel as though your hastened speed will last longer.
You hit Pikel.
Pikel is severely wounded.
Pikel hits you but does no damage.
You closely miss Pikel.
Pikel is severely wounded.
Pikel hits you with a +1 whip of flaming.
* * * LOW HITPOINT WARNING * * *
Pikel burns you.
* * * LOW HITPOINT WARNING * * *
You hit Pikel.
Pikel is severely wounded.
Pikel hits you with a +1 whip of flaming!
You die...

......#.#.####.# #.....
####..#.#.# #.####### #.....
#######>..####.#.....#######.....
.................................
...####.#.####...#.........######
...# #.#+########.........#
...####........# #.........#
<..+...........###.........#
...####..(....5K@..........#
...#..........5#####.#######
...#...5#.##.### #.#
####....#+##'#### ###
.......5........#
####...K........# #....5........#
#.##.5........# #.##..........#


You could see Pikel and 2 lemures.

Vanquished Creatures
  A black bear (D:3)
  An ice beast (D:3)
  2 lemures (D:3)
  A phantom (D:3)
  A scorpion (D:3)
  2 orc priests (D:3)
  3 orc wizards
  4 gnolls (D:3)
  3 adders
  2 worms (D:2)
  3 dart slugs
  7 orcs
  5 ball pythons
  6 endoplasms
  7 giant cockroaches
  5 goblins
  7 hobgoblins
  8 jackals
  6 quokkas
  6 bats
  4 frilled lizards
  5 kobolds
  3 rats (D:2)
92 creatures vanquished.

Notes
Turn   | Place    | Note
-------+----------+-------------------------------------------
     0 | D:1      | Borgoz the Human Gladiator began the quest for the Orb.
     0 | D:1      | Reached XP level 1. HP: 16/16 MP: 1/1
    71 | D:1      | Found Jaumuhoj's General Store.
    73 | D:1      | Reached XP level 2. HP: 22/22 MP: 2/2
   252 | D:1      | Found Worisulu's Weapon Emporium.
   349 | D:1      | Found Xisiuno's Magic Scroll Shop.
   368 | D:1      | Reached XP level 3. HP: 27/27 MP: 3/3
   514 | D:1      | Reached skill level 1 in Armour
   870 | D:2      | Reached XP level 4. HP: 21/34 MP: 4/4
  1977 | D:3      | Noticed a phantom
  1989 | D:3      | Killed a phantom
  1990 | D:3      | Reached skill level 4 in Long Blades
  1990 | D:3      | Reached XP level 5. HP: 27/41 MP: 5/5
  2320 | D:3      | Identified the +2 sling of Unog Fis {elec, rCorr Int+2}
  2360 | D:3      | Found a snail-covered altar of Cheibriados.
  2360 | D:3      | Found a burning altar of Makhleb.
  2407 | D:3      | Reached XP level 6. HP: 14/47 MP: 6/6
  2885 | D:4      | Noticed Pikel
  3259 | D:4      | Noticed a black bear
  3259 | D:4      | Noticed an ice beast
  3283 | D:3      | Reached skill level 5 in Long Blades
  3412 | D:3      | Killed an ice beast
  3413 | D:3      | Reached XP level 7. HP: 22/52 MP: 7/7
  3684 | D:4      | Found a staircase to the Ecumenical Temple.
  4343 | D:3      | Slain by Pikel

Illustrated notes

Levels and vault maps discovered:
D:1:      dpeg_arrival_court, layout_basic, serial_shops,
          nicolae_shop_statue_plus, nicolae_diamond_shop,
          nicolae_shop_tiny_waterfront
D:2:      layout_basic, dreamdust_princess_corridor, kennysheep_generic_room_9
D:3:      layout_basic, mainiacjoe_overflow_large_starburst,
          chequers_serial_rivers_micro_d
D:4:      layout_cave_pools, minmay_temple_entry_grid, uniq_pikel

Skill      XL: |  1  2  3  4  5  6  7 |
---------------+----------------------+-----
Armour         | 1 2 3 |  3.1
Fighting       | 3 4 |  4.0
Long Blades    | 4 5 |  5.8
Dodging        | 4 |  4.6
Throwing       | |  2.0

Action                     |  1- 3 |  4- 6 |  7- 9 || total
---------------------------+-------+-------+-------++-------
  Melee: Long sword        |    92 |   198 |    87 ||   377
         Punch             |       |     2 |     3 ||     5
  Throw: Dart              |       |     5 |    10 ||    15
         Throwing net      |       |     5 |     1 ||     6
         Javelin           |       |     1 |     1 ||     2
    Use: Scroll            |       |     6 |       ||     6
         Potion            |       |       |     2 ||     2
   Stab: Sleeping          |       |     3 |       ||     3
         Held in net/web   |       |     2 |     2 ||     4
 Armour: Leather armour    |    35 |    61 |       ||    96
         Ring mail         |       |    27 |    52 ||    79
         Skin              |       |     1 |       ||     1
  Dodge: Dodged            |    75 |   158 |    94 ||   327
